 Dungeon Crawl Stone Soup version 0.21-a0-225-g207ae17 (webtiles) character file.

840 Moloch the Poker (level 7, -1/55 HPs)
             Began as a Mummy Fighter on Aug 28, 2017.
             Slain by a river rat (3 damage)
             ... on level 4 of the Dungeon.
             The game lasted 00:05:33 (3110 turns).

Moloch the Poker (Mummy Fighter)                    Turns: 3110, Time: 00:05:34

Health: -1/55      AC:  9    Str: 19    XL:     7   Next: 67%
Magic:  7/7        EV:  4    Int:  8    God:
Gold:   137        SH:  9    Dex: 13    Spells: 6/6 levels left

rFire    x . .     SeeInvis .   a - +0 trident
rCold    + . .     Gourm    .   c - +0 shield
rNeg     + + +     Faith    .   g - +0 chain mail
rPois    ∞         Spirit   .   (no helmet)
rElec    .         Reflect  .   (no cloak)
rCorr    .         Harm     .   f - +0 pair of gloves
MR       .....     Rnd*Tele +   (no boots)
Stlth    ..........             (no amulet)
HPRegen  0.18/turn              k - ring of teleportation (curse)
MPRegen  0.10/turn              (no ring)

@: no status effects
A: no food or potions, fire vulnerability, cold resistance 1, negative energy
resistance 3, torment resistance, unbreathing
a: no special abilities


You were on level 4 of the Dungeon.
You were not hungry.

You visited 1 branch of the dungeon, and saw 4 of its levels.

You collected 137 gold pieces.

Inventory:

Hand Weapons
 a - a +0 trident (weapon)
Armour
 b - a +0 scale mail
 c - a +0 shield (worn)
 f - a +0 pair of gloves (worn)
 g - a +0 chain mail (worn)
Jewellery
 k - a cursed ring of teleportation (left hand)
Scrolls
 d - a scroll of recharging {unknown}
 e - a scroll of fog
 h - 2 scrolls of magic mapping
 i - a scroll of identify
 j - a scroll of enchant weapon
 l - 2 scrolls of teleportation {unknown}


   Skills:
 + Level 4.4 Fighting
 * Level 6.9 Polearms
 - Level 2.4 Armour
 - Level 2.4 Shields


You had 6 spell levels left.
You didn't know any spells.

Dungeon Overview and Level Annotations

Branches:
Dungeon (4/15)
 Temple: D:4-7

Altars:
Gozag
Kikubaaqudgha
Makhleb
Xom
The Shining One

Shops:
D:4 =(}


Innate Abilities, Weirdness & Mutations

You do not eat or drink.
Your flesh is vulnerable to fire.
You are immune to poison.
Your flesh is cold resistant. (rC+)
You are immune to negative energy. (rN+++)
You are immune to unholy pain and torment.
You can survive without breathing.


Message History

You are too injured to fight recklessly!
Your chain mail prevents you from hitting the ogre.
The ogre is lightly wounded.
You block the ogre's attack.
You puncture the ogre!
The ogre is severely wounded.
You block the ogre's attack.
You puncture the ogre!
The ogre is almost dead.
Your shield and chain mail prevent you from hitting the ogre.
The ogre is almost dead.
The ogre hits you with a giant spiked club!!
* * * LOW HITPOINT WARNING * * *
You hit the ogre.
You kill the ogre!
You hear a splash.
You hit the river rat.
The river rat is moderately wounded.
The river rat bites you.
You die...

........#.##.......##
##....
..........##........#
##...
.......#.#####......#
##.. ....%....#
######## #..
.........# #..
#.......## #..
#.......# ##.
#......########### #.
####.#.# #≈≈≈≈≈r@##
## ##..# ≈#######≈# #
# #.## #≈# ## #####.#
#.# #. .##...# #≈# #.
....#..# #.# #.
...###..# #≈# #. ..##
### #≈# #. ..# ##.#
#.


You could see a river rat.

Vanquished Creatures
  A hungry ghost (D:3)
  2 ogres (D:4)
  The ghost of Curus the Changer, an amateur MfTm (D:3)
  A scorpion (D:4)
  3 orc priests (D:3)
  2 hounds
  An orc wizard (D:4)
  An iguana (D:4)
  Terence (D:3)
  A worker ant (D:4)
  7 adders
  An adder skeleton (D:4)
  5 worms
  A dart slug (D:4)
  2 leopard geckos
  10 orcs
  2 giant cockroaches
  8 goblins
  7 hobgoblins
  7 kobolds
  3 quokkas
  A ball python skeleton (D:4)
  6 bats
  5 frilled lizards
  7 rats
86 creatures vanquished.

Notes
Turn   | Place    | Note
-------+----------+-------------------------------------------
     0 | D:1      | Moloch the Mummy Fighter began the quest for the Orb.
     0 | D:1      | Reached XP level 1. HP: 18/18 MP: 1/1
   189 | D:1      | Reached XP level 2. HP: 24/24 MP: 2/2
   410 | D:2      | Reached skill level 2 in Polearms
   596 | D:2      | Reached XP level 3. HP: 26/29 MP: 3/3
   680 | D:2      | Found an opulent altar of Gozag.
   914 | D:2      | Found a glowing golden altar of the Shining One.
  1288 | D:3      | Reached skill level 3 in Polearms
  1288 | D:3      | Reached XP level 4. HP: 5/35 MP: 4/4
  1712 | D:3      | Found a hide-covered altar of Uskayaw.
  1715 | D:3      | Found a shimmering altar of Xom.
  1715 | D:3      | Found a sacrificial altar of Ru.
  1717 | D:3      | Found a shadowy altar of Dithmenos.
  1717 | D:3      | Found an ancient bone altar of Kikubaaqudgha.
  1717 | D:3      | Found a hide-covered altar of Uskayaw.
  1776 | D:3      | Noticed Terence
  1806 | D:3      | Noticed Curus's ghost (amateur MfTm)
  1807 | D:3      | Killed Terence
  1819 | D:3      | Killed Curus's ghost
  1819 | D:3      | Reached skill level 4 in Polearms
  1819 | D:3      | Reached XP level 5. HP: 13/42 MP: 5/5
  2194 | D:3      | Found a burning altar of Makhleb.
  2230 | D:3      | Reached XP level 6. HP: 46/48 MP: 6/6
  2316 | D:3      | Noticed a hungry ghost
  2335 | D:3      | Killed a hungry ghost
  2335 | D:3      | Reached skill level 5 in Polearms
  2687 | D:4      | Reached XP level 7. HP: 54/54 MP: 7/7
  2724 | D:4      | Found Xautuupp's Jewellery Shoppe.
  2760 | D:4      | Reached skill level 6 in Polearms
  3022 | D:4      | Found Rableyma's Antique Weapon Shop.
  3053 | D:4      | Found Hariykk's Gadget Shop.
  3108 | D:4      | HP: 1/55 [ogre/giant spiked club (23)]
  3110 | D:4      | Slain by a river rat

Vault maps used:
D:1:      evilmike_arrival_fibonacci_small
D:2:      tso_oasis_becter, grunt_ministairs_11, hex_medium,
          grunt_gozag_breadcrumbs
D:3:      makhleb_blood_cavern_becter, doesnt_xom_only_xom, uniq_terence
D:4:      first_bread, serial_shops, shop, nicolae_shop_stone, shop,
          gup_sewer_entry_spiral

Skill      XL: |  1  2  3  4  5  6  7 |
---------------+----------------------+-----
Polearms       | 2 3 4 5 6 |  6.9
Fighting       | 4 |  4.4
Armour         | |  2.4
Shields        | |  2.4

Action                   |  1- 3 |  4- 6 |  7- 9 || total
-------------------------+-------+-------+-------++-------
Melee: Trident           |   127 |   231 |    99 ||   457
  Use: Scroll            |     4 |       |       ||     4
 Stab: Distracted        |       |     1 |       ||     1
Armor: Scale mail        |    15 |       |       ||    15
       Chain mail        |    12 |    96 |    21 ||   129
Dodge: Dodged            |    29 |    41 |    14 ||    84
Block: Shield            |    34 |    98 |    35 ||   167

Table legend:
 A = Spawn XP
 B = Non-spawn XP
 C = Spawn XP percentage of total XP
 D = Spawn monster count
 E = Non-spawn monster count
 F = Spawn count percentage of total count
 G = Total turns spent on level
                    A         B        C        D         E        F      G
               +---------+---------+-------+---------+---------+-------+---------
         Total |     361 |     840 |  30.1 |      10 |      76 |  11.6 |  3110
               +---------+---------+-------+---------+---------+-------+---------
           D:1 |       0 |      16 |   0.0 |       0 |      11 |   0.0 |   409
           D:2 |       2 |      51 |   3.8 |       1 |      18 |   5.3 |   740
           D:3 |     241 |     387 |  38.4 |       7 |      30 |  18.9 |  1428
           D:4 |     118 |     386 |  23.4 |       2 |      17 |  10.5 |   533
               +---------+---------+-------+---------+---------+-------+---------
